 Dungeon Crawl Stone Soup version 0.23.2-33-g5129a83184 (webtiles) character file.

Game seed: 11525931624170455462

611 psyvane the Destroyer (level 7, -3/36 HPs)
             Began as a Deep Elf Conjurer on July 20, 2019.
             Was a Follower of Dithmenos.
             Slain by a two-headed ogre
             ... wielding a +0 giant club
              (16 damage)
             ... on level 4 of the Dungeon.
             The game lasted 00:14:05 (3450 turns).

psyvane the Destroyer (Deep Elf Conjurer)           Turns: 3450, Time: 00:14:05

Health: -3/36      AC:  4    Str:  5    XL:     7   Next: 20%
Magic:  10/18      EV: 13    Int: 25    God:    Dithmenos [*.....]
Gold:   224        SH:  0    Dex: 16    Spells: 0/18 levels left

rFire    + . .     SeeInvis .   p - +2 dagger (freeze)
rCold    + . .     Gourm    .   (no shield)
rNeg     + . .     Faith    .   a - +0 robe
rPois    .         Spirit   .   (no helmet)
rElec    .         Reflect  .   d - scarf {rC+ rF+}
rCorr    .         Harm     .   s - +1 pair of gloves
MR       .....                  (no boots)
Stlth    +++.......             (no amulet)
HPRegen  0.12/turn              k - +4 ring of intelligence
MPRegen  0.16/turn              o - ring of positive energy

@: wreathed by umbra
A: no striking features
a: Renounce Religion


You were on level 4 of the Dungeon.
You worshipped Dithmenos.
Dithmenos was aware of your devotion.
You were not hungry.

You visited 1 branch of the dungeon, and saw 4 of its levels.

You collected 224 gold pieces.

Inventory:

Hand Weapons
 p - a +2 dagger of freezing (weapon)
Armour
 a - a +0 robe (worn)
 d - a scarf of resistance (worn)
 s - a +1 pair of gloves (worn)
Jewellery
 k - a +4 ring of intelligence (left hand)
 o - a ring of positive energy (right hand)
Wands
 r - a wand of paralysis (11)
Scrolls
 e - a scroll of teleportation {unknown}
 f - 3 scrolls of remove curse {unknown}
 l - a scroll of enchant weapon {unknown}
 n - 2 scrolls of fog {unknown}
Potions
 b - 3 potions of curing
 g - a potion of magic
 h - a potion of resistance
 i - a potion of flight {unknown}
 j - a potion of might {unknown}
 m - a potion of degeneration {unknown}
 q - a potion of heal wounds {unknown}
Comestibles
 c - 6 rations
 t - a chunk of flesh


   Skills:
 - Level 2.4 Dodging
 * Level 3.8 Stealth
 - Level 6.2 Spellcasting
 - Level 8.0 Conjurations


You couldn't memorise any spells.
You knew the following spells:

 Your Spells              Type           Power        Failure   Level  Hunger
a - Magic Dart            Conj           ####         1%          1    None
b - Searing Ray           Conj           #####.       1%          2    None
c - Dazzling Spray        Conj/Hex       ####..       4%          3    None
d - Force Lance           Conj/Tloc      ####....     14%         4    ###....
e - Fulminant Prism       Conj/Hex       ####......   14%         4    ###....
f - Iskenderun's Mystic   Conj           #####...     2%          4    ###....

Your spell library contained the following spells:

 Spells                   Type           Power        Failure   Level  Hunger
 Summon Small Mammal      Summ           #...         8%          1    None
 Call Imp                 Summ           #.......     11%         2    None
 Call Canine Familiar     Summ           #.......     22%         3    None
 Summon Guardian Golem    Hex/Summ       #.......     22%         3    None
 Summon Ice Beast         Ice/Summ       #.......     58%         4    ###....
 Summon Lightning Spire   Summ/Air       #.......     58%         4    ###....


Dungeon Overview and Level Annotations

Branches:
Dungeon (4/15)             Temple (0/1) D:4

Altars:
Cheibriados
Dithmenos
Fedhas
Makhleb
Okawaru
Qazlal


Message History

You finish channeling your searing ray.
The two-headed ogre barely misses you. The two-headed ogre closely misses you.
Casting: Searing Ray (safe; 1% risk of failure)
Confirm with . or Enter, or press ? or * to list all spells.
Aiming: Searing Ray (safe; 1% risk of failure)
Press: ? - help, Shift-Dir - straight line, f/p - two-headed ogre
Aim: a two-headed ogre, wielding a +0 giant club and a +0 giant spiked club (heavily wounded)
The searing ray hits the two-headed ogre.
The two-headed ogre is heavily wounded. (Press . to maintain the ray.)
The searing ray hits the two-headed ogre!
The two-headed ogre is heavily wounded.
The two-headed ogre hits you with a +0 giant club!!
Ouch! That really hurt!
The two-headed ogre barely misses you.
The searing ray hits the two-headed ogre!
The two-headed ogre is severely wounded.
The two-headed ogre barely misses you.
The two-headed ogre hits you with a +0 giant spiked club!
You die...

#......##.......## ##.##
#####.8.>.8#.........####...##
...........+.........+.......#
#####.#.8.##.........####...##
#....### #.......# ##.##
#.#### #.....# #.# #.# #...#
##.##### #.# #O# #......# #.#
#@# #...##.# ####.#####
#.########.#.##.# .........#
##.##.....#......# .###.###.#
####.(.........#.####
#.###.###..........#.#.#.#
#.............[#.#.#.#.#.#
#####.###...#..#.....#.#.# #.#
#####..# #.......# #.# #..#
#####.###


You could see a two-headed ogre.

Vanquished Creatures
  Sigmund (D:2)
  2 ogres (D:4)
  A crimson imp (D:4)
  2 hounds
  An iguana (D:2)
  Terence (D:3)
  5 adders
  3 oozes
  3 worms
  3 dart slugs
  A leopard gecko (D:3)
  6 orcs (D:3)
  4 giant cockroaches
  12 goblins
  3 hobgoblins
  2 quokkas (D:2)
  7 bats
  3 frilled lizards
  8 kobolds
  7 rats
75 creatures vanquished.

Notes
Turn   | Place    | Note
-------+----------+-------------------------------------------
     0 | D:1      | psyvane the Deep Elf Conjurer began the quest for the Orb.
     0 | D:1      | Reached XP level 1. HP: 10/10 MP: 6/6
   199 | D:1      | Reached XP level 2. HP: 15/15 MP: 4/8
   203 | D:1      | Learned a level 2 spell: Searing Ray
   264 | D:1      | Reached skill level 5 in Conjurations
   687 | D:1      | Reached XP level 3. HP: 19/19 MP: 7/9
   692 | D:1      | Learned a level 3 spell: Dazzling Spray
  1000 | D:2      | Noticed Sigmund
  1006 | D:2      | Killed Sigmund
  1006 | D:2      | Reached skill level 7 in Conjurations
  1006 | D:2      | Reached XP level 4. HP: 19/24 MP: 2/10
  1006 | D:2      | Reached XP level 5. HP: 22/28 MP: 2/11
  1016 | D:2      | Learned a level 4 spell: Force Lance
  1016 | D:2      | Found a shadowy altar of Dithmenos.
  1030 | D:2      | Became a worshipper of Dithmenos the Shadowed
  1183 | D:2      | Found an iron altar of Okawaru.
  1224 | D:2      | Found a burning altar of Makhleb.
  1433 | D:2      | Reached skill level 8 in Conjurations
  1433 | D:2      | Reached XP level 6. HP: 32/32 MP: 7/12
  1457 | D:2      | Found a blossoming altar of Fedhas.
  2112 | D:3      | Noticed Terence
  2120 | D:3      | Killed Terence
  2223 | D:3      | Found a stormy altar of Qazlal.
  2322 | D:3      | Found a snail-covered altar of Cheibriados.
  2694 | D:3      | Reached * piety under Dithmenos
  3047 | D:4      | Reached skill level 5 in Spellcasting
  3128 | D:4      | Learned a level 4 spell: Fulminant Prism
  3318 | D:4      | Reached XP level 7. HP: 36/36 MP: 18/18
  3324 | D:4      | Learned a level 4 spell: Iskenderun's Mystic Blast
  3412 | D:4      | Found a staircase to the Ecumenical Temple.
  3440 | D:4      | Noticed a two-headed ogre
  3450 | D:4      | Slain by a two-headed ogre

Skill      XL: |  1  2  3  4  5  6  7 |
---------------+----------------------+-----
Conjurations   | 5 7 8 |  8.0
Spellcasting   | 6 |  6.2
Stealth        | 3 |  3.8
Dodging        | |  2.4

Action                   |  1- 3 |  4- 6 |  7- 9 || total
-------------------------+-------+-------+-------++-------
Melee: Unarmed           |     4 |       |       ||     4
       Scythe            |       |     3 |       ||     3
       Dagger            |       |     8 |     1 ||     9
 Cast: Magic Dart        |    56 |    81 |       ||   137
       Searing Ray       |     1 |     5 |     3 ||     9
       Dazzling Spray    |       |     3 |       ||     3
  Use: Scroll            |     3 |     4 |       ||     7
 Stab: Sleeping          |       |     5 |     1 ||     6
  Eat: Chunk             |       |     5 |       ||     5
       Ration            |       |     1 |       ||     1
Armor: Robe              |     1 |       |       ||     1
Dodge: Dodged            |     6 |    23 |     4 ||    33
